 Dungeon Crawl Stone Soup version 0.25-a0-156-g0c4bda3fdf (webtiles) character file.

Game seed: 7377386330389697432, levelgen mode: deterministic

104 Leeroy the Slasher (level 4, -9/36 HPs)
             Began as a Draconian Skald on Nov 20, 2019.
             Killed by divine providence
             ... invoked by an orc priest
              (15 damage)
             ... on level 3 of the Dungeon.
             The game lasted 00:04:27 (2414 turns).

Leeroy the Slasher (Draconian Skald)                Turns: 2414, Time: 00:04:28

Health: -9/36      AC:  5    Str: 12 (13) XL:     4   Next: 52%
Magic:  0/7        EV: 12    Int: 13 (14) God:
Gold:   281        SH:  0    Dex:  9 (11) Spells: 6/7 levels left

rFire    . . .     SeeInvis .   a - +0 falchion
rCold    . . .     Gourm    .   (no shield)
rNeg     . . .     Faith    .   (armour unavailable)
rPois    .         Spirit   +   (helmet restricted)
rElec    .         Reflect  .   (no cloak)
rCorr    .         Harm     .   (no gloves)
MR       .....                  (no boots)
Stlth    +.........             j - amulet of guardian spirit
HPRegen  0.12/turn              (no ring)
MPRegen  0.10/turn              (no ring)

@: infused (expiring)
A: unfitting armour, cold-blooded, AC +5
a: no special abilities


You were on level 3 of the Dungeon.
You were very hungry.

You visited 1 branch of the dungeon, and saw 3 of its levels.

You collected 281 gold pieces.

Inventory:

Hand Weapons
 a - a +0 falchion (weapon)
 f - a +0 dagger
Jewellery
 j - an amulet of guardian spirit (around neck)
 m - an uncursed amulet of rage {unknown}
Scrolls
 d - 3 scrolls of remove curse
 g - a scroll of random uselessness {unknown}
 i - 3 scrolls of identify {unknown}
 k - a scroll of magic mapping {unknown}
 n - a scroll of fear {unknown}
 p - 2 scrolls of teleportation
Potions
 b - 3 potions of degeneration
 e - a potion of ambrosia {unknown}
 h - 2 potions of curing
 l - a potion of lignification {unknown}
 o - 2 potions of berserk rage {unknown}
Comestibles
 c - 7 rations


   Skills:
 - Level 2.1 Fighting
 + Level 4.8 Long Blades
 - Level 2.1 Dodging
 - Level 2.0 Spellcasting
 - Level 2.6 Charms


You had 6 spell levels left.
You knew the following spells:

 Your Spells              Type           Power        Failure   Level  Hunger
a - Infusion              Chrm           #...         9%          1    ##.....

Your spell library contained the following spells:

 Spells                   Type           Power        Failure   Level  Hunger
 Song of Slaying          Chrm           #.......     13%         2    ###....
 Shroud of Golubria       Chrm/Tloc      #.....       22%         2    ###....
 Regeneration             Chrm/Necr      #.........   41%         3    ####...
 Spectral Weapon          Hex/Chrm       #.......     41%         3    ####...


Dungeon Overview and Level Annotations

Branches:
Dungeon (3/15)

Altars:


Innate Abilities, Weirdness & Mutations

Your plain brown scales are hard. (AC +5)
You cannot fit into any form of body armour.
You are cold-blooded and may be slowed by cold attacks.


Message History

It was a potion of curing.
You feel better.
Your magical infusion is running out.
The orc wizard hits you with a +0 dagger.
* * * LOW HITPOINT WARNING * * *
It was a potion of degeneration.
There was something very wrong with that liquid.
You feel weakened.
You feel dopey.
You feel clumsy.
The orc wizard looks satisfied for a moment.
The orc priest hits you with a +0 flail.
* * * LOW HITPOINT WARNING * * *
The orc wizard closely misses you.
You feel better.
The orc priest hits you with a +0 flail!
* * * LOW HITPOINT WARNING * * *
The orc wizard barely misses you.
You riposte.
You hit the orc wizard.
Your tail-slap misses the orc wizard.
The orc wizard is heavily wounded.
The orc priest invokes the aid of Beogh against you.
Beogh smites you!
You die...

. ...###...##.# #.# ###
##### #......# #.## #...####
#..# ##'### ##.# ## ##...##
#.# #. ##.....## ### #.# #.
##.......## ##.###.# #.
#........o####...##.#######.
+.........o@................
#.........####...##.###.###.
#.......## ##.##..# #.# #.
##.....## ###...###.# ##
##...#########.....##.# #.
##.........###...###.# #.
#.#######.# ##.## #.###) #.#
#.# #.# #.....
##.#######.####.# #####(


You could see an orc priest and an orc wizard.

Vanquished Creatures
  Jessica (D:2)
  An ooze (D:3)
  2 worms
  2 dart slugs
  2 leopard geckos
  An orc (D:3)
  6 bats
  4 giant cockroaches
  7 hobgoblins
  2 jackals (D:2)
  8 kobolds
  A quokka (D:3)
  2 frilled lizards
  11 goblins
  7 rats
57 creatures vanquished.

Notes
Turn   | Place    | Note
-------+----------+-------------------------------------------
     0 | D:1      | Leeroy the Draconian Skald began the quest for the Orb.
     0 | D:1      | Reached XP level 1. HP: 17/17 MP: 3/3
    91 | D:1      | Reached XP level 2. HP: 15/24 MP: 5/5
   263 | D:1      | Reached skill level 3 in Long Blades
   748 | D:2      | Noticed Jessica
   753 | D:2      | Killed Jessica
   753 | D:2      | Reached skill level 4 in Long Blades
   753 | D:2      | Reached XP level 3. HP: 22/29 MP: 2/6
  1270 | D:2      | Reached XP level 4. HP: 23/36 MP: 4/7
  2414 | D:3      | Killed from afar by an orc priest

Levels and vault maps discovered:
D:1:      dpeg_arrival_rooms_b, layout_loops_ring
D:2:      layout_basic, uniq_jessica
D:3:      layout_loops_corners

Skill      XL: |  1  2 |
---------------+-------+-----
Long Blades    | 4 |  4.8
Fighting       | |  2.1
Dodging        | |  2.1
Spellcasting   | |  2.0
Charms         | |  2.6

Action                   |  1- 3 |  4- 6 || total
-------------------------+-------+-------++-------
Melee: Falchion          |    85 |    85 ||   170
       Tailslap          |    10 |     5 ||    15
 Cast: Infusion          |     1 |     1 ||     2
  Use: Scroll            |       |     3 ||     3
       Potion            |       |     3 ||     3
 Stab: Sleeping          |       |     2 ||     2
  Eat: Chunk             |     1 |     3 ||     4
Armor: Skin              |    23 |    23 ||    46
Dodge: Dodged            |    64 |    53 ||   117
       Rpst.: Falchion   |    25 |     9 ||    34

Table legend:
 A = Non-vault XP
 B = Vault XP
 C = Vault XP percentage of total XP
 D = Non-vault monster count
 E = Vault monster count
 F = Vault count percentage of total count
                 A         B        C        D         E       F
            +---------+---------+-------+---------+---------+-------
      Total |     112 |      37 |  24.8 |      56 |       1 |   1.8
            +---------+---------+-------+---------+---------+-------
        D:1 |      28 |       0 |   0.0 |      17 |       0 |   0.0
        D:2 |      40 |      37 |  48.1 |      21 |       1 |   4.5
        D:3 |      44 |       0 |   0.0 |      18 |       0 |   0.0
            +---------+---------+-------+---------+---------+-------
